 Dungeon Crawl Stone Soup version 0.24.1-14-gf8d2b509d9 (webtiles) character file.

Game seed: 1093721814030144910, levelgen mode: deterministic

55 Descartes the Sneak (level 3, -2/16 HPs)
             Began as a Felid Warper on May 20, 2020.
             Slain by a worm (12 damage)
             ... on level 2 of the Dungeon.
             The game lasted 00:03:03 (1832 turns).

Descartes the Sneak (Felid Warper)                  Turns: 1832, Time: 00:03:04

Health: -2/16      AC:  1    Str:  7    XL:     3   Next: 67%
Magic:  7/7        EV: 18    Int: 14    God:
Gold:   43         SH:  0    Dex: 16    Spells: 2/6 levels left
                                        Lives:  0   Deaths: 0

rFire    . . .     SeeInvis +     - Unarmed
rCold    . . .     Gourm    .   (shield unavailable)
rNeg     . . .     Faith    .   (armour unavailable)
rPois    .         Spirit   .   (helmet unavailable)
rElec    .         Reflect  .   (cloak unavailable)
rCorr    .         Harm     .   (gloves unavailable)
MR       .....     Rnd*Tele +   (boots unavailable)
Stlth    +++.......             (no amulet)
HPRegen  0.05/turn              e - ring of teleportation (curse)
MPRegen  0.10/turn              (no ring)

@: quick
A: very small, no armour, no weapons or thrown items, stealth, claws 1, fangs 3,
see invisible, carnivore, speed 1, shaggy fur 1, slow metabolism 1, sharp paws
a: no special abilities


You were on level 2 of the Dungeon.
You were completely stuffed.

You visited 1 branch of the dungeon, and saw 2 of its levels.

You collected 43 gold pieces.

Inventory:

Jewellery
 e - a cursed ring of teleportation (left paw)
Scrolls
 b - a scroll of blinking
 f - a scroll of identify
 g - a scroll of enchant weapon {unknown}
 h - a scroll of immolation {unknown}
 i - a scroll of amnesia {unknown}
Potions
 a - a potion of brilliance
Comestibles
 c - 2 rations
 d - 6 chunks of flesh


   Skills:
 - Level 2.0 Fighting
 - Level 3.2 Dodging
 + Level 5.0 Stealth
 - Level 2.0 Unarmed Combat
 - Level 2.0 Spellcasting
 - Level 4.4 Translocations


You had 2 spell levels left.
You knew the following spells:

 Your Spells              Type           Power        Failure   Level  Hunger
a - Blink                 Tloc           N/A          6%          2    ###....
b - Shroud of Golubria    Chrm/Tloc      #.....       14%         2    ###....

Your spell library contained the following spells:

 Spells                   Type           Power        Failure   Level  Hunger
 Gell's Gravitas          Tloc           ##........   12%         3    ####...
 Lesser Beckoning         Tloc           ##........   12%         3    ####...
 Teleport Other           Tloc           ##......     12%         3    ####...
 Passage of Golubria      Tloc           N/A          36%         4    #####..


Dungeon Overview and Level Annotations

Branches:
Dungeon (2/15)

Altars:

Annotations:
D:2 exclusion: ice beast


Innate Abilities, Weirdness & Mutations

You cannot wear armour.
You are incapable of wielding weapons or throwing items.
Your paws allow you to move quietly. (Stealth)
You have sharp claws.
You have razor-sharp teeth.
You have supernaturally acute eyesight. (SInv)
You are carnivorous and can eat meat at any time.
You cover ground quickly.
You are covered in fur. (AC +1)
You have a slow metabolism.
Your sharp claws are effective at attacking unaware monsters.


Message History

You barely miss the worm. You bite the worm, but do no damage.
The worm is heavily wounded.
You completely miss the worm.
The worm is heavily wounded.
The worm closely misses you.
You scratch the worm but do no damage.
The worm is heavily wounded.
The worm closely misses you.
You scratch the worm but do no damage.
The worm is moderately wounded.
You scratch the worm but do no damage.
The worm is moderately wounded.
The worm bites you.
You scratch the worm.
The worm is heavily wounded.
You scratch the worm.
The worm is heavily wounded.
The worm bites you!
Ouch! That really hurt!
You die...

#.# ..##...
#.####........
########.##.......#..
#.#...................
#....>.....##.......#
.......(##.##.......# #
###.###(##.##.......#.#
#w##.##.......#.#
#@##.##.........##
#.##.#####.....≈≈.
.....# #...≈..≈.
#..#### #))≈≈≈≈≈≈ #..#
#.≈≈≈≈≈≈≈ #..#
#.≈.≈≈≈≈≈ #..#
#.≈.≈≈≈≈≈ #..#
##..≈≈≈._ #.≈≈≈≈♣.


You could see a worm.

Vanquished Creatures
  An adder (D:2)
  An ooze (D:1)
  2 dart slugs
  A leopard gecko (D:1)
  2 giant cockroaches (D:1)
  5 goblins
  8 hobgoblins
  A ball python (D:1)
  5 bats
  A frilled lizard (D:1)
  4 kobolds
  4 rats
35 creatures vanquished.

Notes
Turn   | Place    | Note
-------+----------+-------------------------------------------
     0 | D:1      | Descartes the Felid Warper began the quest for the Orb.
     0 | D:1      | Reached XP level 1. HP: 9/9 MP: 4/4
    33 | D:1      | Reached skill level 1 in Stealth
   116 | D:1      | Reached skill level 2 in Stealth
   310 | D:1      | Reached XP level 2. HP: 13/13 MP: 6/6
   621 | D:1      | Reached skill level 3 in Stealth
  1133 | D:1      | Reached skill level 4 in Stealth
  1136 | D:1      | Reached XP level 3. HP: 10/16 MP: 7/7
  1747 | D:2      | Learned a level 2 spell: Blink
  1750 | D:2      | Learned a level 2 spell: Shroud of Golubria
  1755 | D:2      | Noticed an ice beast
  1770 | D:2      | Found a faded altar of an unknown god.
  1811 | D:2      | Reached skill level 5 in Stealth
  1832 | D:2      | Slain by a worm

Levels and vault maps discovered:
D:1:      matt_arrival_grand_opening, layout_loops_corners
D:2:      layout_loops_ring, chequers_ecumenical_altar_island,
          minmay_misc_feat_chi

Skill      XL: |  1  2  3 |
---------------+----------+-----
Stealth        | 2 4 5 |  5.0
Fighting       | |  2.0
Dodging        | |  3.2
Unarmed Combat | |  2.0
Spellcasting   | |  2.0
Translocations | |  4.4

Action                   || total
-------------------------++-------
Melee: Unarmed           ||   105
       Bite              ||     9
       Punch             ||     1
  Use: Scroll            ||     2
 Stab: Sleeping          ||    12
  Eat: Chunk             ||     9
Armor: Skin              ||     1
Dodge: Dodged            ||    56
